[ AOE2 MATCH · #506932384 ]
UnrankedSaracens vs Huns
Player's team · LOSS
Rival team · WIN
[ REPLAY ANALYSIS · EXTRACTED FROM THE RECORDED GAME ]
Feudal
8:51
Castle
22:57
Imperial
—
| APM avg | 56.5 |
| APM peak | 100 |
| eAPM avg | 22.9 |
| Villagers / military | 67 / 39 |
Focus
⚔️ 39.0% · 🌾 61.0%
Archer ×28 · Scout Cavalry ×6 · Mangonel ×3 · Knight ×1 · Skirmisher ×1
Feudal
9:16
Castle
21:06
Imperial
—
| APM avg | 68.2 |
| APM peak | 97 |
| eAPM avg | 26.4 |
| Villagers / military | 86 / 52 |
Focus
⚔️ 42.4% · 🌾 57.6%
Cavalry Archer ×40 · Spearman ×5 · Militia ×4 · Mangonel ×3
Match map
Initial resources + every placement click. Lines = walls · curves = elevation contours. ◆ gold · ⬟ stone · ● berries · ✦ relic · ◌ wall gap
Your base· Open — 2t gap
CeCa_Mascherano014's base· Open — 5t gap
Smoothed initial terrain · ◌ = detected wall gap · hover for details
Inputs per minute
— Parabox - - CeCa_Mascherano014
Build order — Parabox
First 150 of 173 actions detected
| 0:00 | Create | Villager (Male) |
| 0:01 | Create | Villager (Male) |
| 0:02 | Build | House |
| 0:03 | Build | House |
| 0:17 | Create | Villager (Male) |
| 0:40 | Create | Villager (Male) |
| 1:24 | Create | Villager (Male) |
| 1:50 | Build | Lumber Camp |
| 2:00 | Create | Villager (Male) |
| 2:01 | Create | Villager (Male) |
| 2:20 | Create | Villager (Male) |
| 2:20 | Create | Villager (Male) |
| 2:53 | Create | Villager (Male) |
| 3:16 | Create | Villager (Male) |
| 3:35 | Create | Villager (Male) |
| 3:53 | Build | House |
| 4:08 | Create | Villager (Male) |
| 4:31 | Create | Villager (Male) |
| 4:47 | Build | Mill |
| 5:00 | Create | Villager (Male) |
| 5:18 | Create | Villager (Male) |
| 5:18 | Research | Loom |
| 5:53 | Create | Villager (Male) |
| 6:39 | Research | Feudal Age |
| 6:47 | Build | Palisade Wall |
| 6:48 | Build | Palisade Wall |
| 6:56 | Build | House |
| 6:58 | Build | Palisade Wall |
| 6:58 | Build | Palisade Wall |
| 7:09 | Build | House |
| 7:43 | Build | Palisade Wall |
| 8:18 | Build | Lumber Camp |
| 8:20 | Create | Villager (Male) |
| 8:25 | Build | Palisade Wall |
| 8:42 | Build | Palisade Wall |
| 8:51 | Age | Feudal Age |
| 8:57 | Research | Double-Bit Axe |
| 9:15 | Create | Villager (Male) |
| 9:18 | Build | Market |
| 9:30 | Build | House |
| 9:35 | Create | Villager (Male) |
| 9:53 | Build | Barracks |
| 10:00 | Create | Villager (Male) |
| 10:21 | Build | House |
| 10:26 | Create | Villager (Male) |
| 10:43 | Build | Stable |
| 10:49 | Create | Villager (Male) |
| 10:52 | Research | Horse Collar |
| 10:54 | Build | Farm |
| 11:06 | Build | House |
| 11:20 | Create | Villager (Male) |
| 11:30 | Build | Farm |
| 11:36 | Create | Scout Cavalry |
| 11:38 | Build | Farm |
| 11:43 | Create | Scout Cavalry |
| 12:02 | Build | Farm |
| 12:12 | Create | Villager (Male) |
| 12:15 | Build | Farm |
| 12:20 | Build | Farm |
| 12:31 | Create | Villager (Male) |
| 12:41 | Build | Farm |
| 12:47 | Create | Scout Cavalry |
| 12:53 | Build | Farm |
| 12:59 | Create | Villager (Male) |
| 13:12 | Build | House |
| 13:21 | Research | Bloodlines |
| 13:21 | Research | Bloodlines |
| 13:26 | Build | Farm |
| 13:40 | Build | House |
| 13:41 | Create | Villager (Male) |
| 13:47 | Build | Farm |
| 14:02 | Create | Villager (Male) |
| 14:15 | Create | Scout Cavalry |
| 14:22 | Build | Lumber Camp |
| 14:33 | Create | Villager (Male) |
| 14:46 | Build | House |
| 14:47 | Build | House |
| 14:50 | Create | Villager (Male) |
| 15:10 | Create | Scout Cavalry |
| 15:17 | Build | House |
| 15:25 | Create | Villager (Male) |
| 15:27 | Build | Stable |
| 15:31 | Build | Archery Range |
| 15:33 | Create | Villager (Male) |
| 15:47 | Build | Farm |
| 15:51 | Create | Villager (Male) |
| 16:03 | Create | Villager (Male) |
| 16:06 | Build | Farm |
| 16:13 | Create | Archer |
| 16:22 | Create | Villager (Male) |
| 16:26 | Create | Villager (Male) |
| 16:40 | Build | Farm |
| 16:44 | Build | Farm |
| 16:54 | Create | Villager (Male) |
| 16:58 | Build | Farm |
| 17:00 | Build | Farm |
| 17:17 | Build | Mining Camp |
| 17:19 | Create | Villager (Male) |
| 17:20 | Create | Scout Cavalry |
| 17:29 | Create | Archer |
| 17:44 | Build | House |
| 17:52 | Create | Villager (Male) |
| 18:11 | Create | Villager (Male) |
| 18:17 | Create | Archer |
| 18:28 | Build | Blacksmith |
| 18:45 | Create | Archer |
| 18:47 | Create | Villager (Male) |
| 18:56 | Create | Archer |
| 19:06 | Research | Fletching |
| 19:07 | Create | Archer |
| 19:16 | Create | Villager (Male) |
| 19:40 | Create | Villager (Male) |
| 20:05 | Create | Archer |
| 20:17 | Research | Castle Age |
| 20:52 | Create | Skirmisher |
| 20:54 | Build | Archery Range |
| 21:04 | Create | Archer |
| 21:11 | Create | Archer |
| 21:13 | Build | House |
| 21:17 | Build | House |
| 21:52 | Create | Archer |
| 21:53 | Create | Archer |
| 21:55 | Research | Padded Archer Armor |
| 22:27 | Create | Archer |
| 22:27 | Create | Archer |
| 22:43 | Create | Archer |
| 22:57 | Age | Castle Age |
| 22:59 | Research | Bodkin Arrow |
| 23:08 | Build | Siege Workshop |
| 23:16 | Research | Crossbowman (upgrade) |
| 23:40 | Build | Town Center |
| 23:44 | Create | Villager (Male) |
| 24:28 | Create | Mangonel |
| 24:31 | Create | Archer |
| 24:31 | Create | Archer |
| 24:32 | Create | Villager (Male) |
| 24:38 | Create | Villager (Male) |
| 24:50 | Create | Archer |
| 24:51 | Create | Archer |
| 24:52 | Create | Villager (Male) |
| 25:11 | Create | Villager (Male) |
| 25:17 | Create | Villager (Male) |
| 25:39 | Create | Villager (Male) |
| 25:40 | Create | Archer |
| 25:43 | Create | Villager (Male) |
| 25:54 | Create | Villager (Male) |
| 26:05 | Create | Villager (Male) |
| 26:06 | Create | Archer |
| 26:20 | Build | Siege Workshop |
| 26:21 | Create | Villager (Male) |
Build order — CeCa_Mascherano014
First 150 of 225 actions detected
| 0:01 | Create | Villager (Male) |
| 0:01 | Create | Villager (Male) |
| 0:01 | Create | Villager (Male) |
| 0:02 | Create | Villager (Male) |
| 1:11 | Create | Villager (Male) |
| 1:50 | Create | Villager (Male) |
| 1:51 | Build | Lumber Camp |
| 2:04 | Create | Villager (Male) |
| 2:21 | Create | Villager (Male) |
| 2:53 | Create | Villager (Male) |
| 3:28 | Create | Villager (Male) |
| 3:28 | Create | Villager (Male) |
| 3:46 | Create | Villager (Male) |
| 3:47 | Create | Villager (Male) |
| 4:05 | Create | Villager (Male) |
| 4:36 | Create | Villager (Male) |
| 4:36 | Create | Villager (Male) |
| 4:58 | Create | Villager (Male) |
| 4:59 | Create | Villager (Male) |
| 5:15 | Build | Barracks |
| 5:22 | Create | Villager (Male) |
| 5:23 | Create | Villager (Male) |
| 6:31 | Research | Loom |
| 6:58 | Research | Feudal Age |
| 7:10 | Create | Militia |
| 7:45 | Create | Militia |
| 8:07 | Create | Militia |
| 8:31 | Create | Militia |
| 8:51 | Build | Mill |
| 8:58 | Create | Villager (Male) |
| 9:16 | Age | Feudal Age |
| 9:24 | Research | Man-at-Arms (upgrade) |
| 9:37 | Build | Watch Tower |
| 9:47 | Build | Farm |
| 9:48 | Build | Farm |
| 9:51 | Build | Farm |
| 9:53 | Create | Villager (Male) |
| 9:53 | Create | Villager (Male) |
| 9:57 | Build | Farm |
| 9:59 | Build | Farm |
| 10:00 | Build | Farm |
| 10:19 | Build | Farm |
| 10:23 | Create | Villager (Male) |
| 10:36 | Build | Farm |
| 10:49 | Build | Palisade Wall |
| 10:49 | Build | Palisade Wall |
| 10:50 | Build | Palisade Wall |
| 10:51 | Build | Palisade Wall |
| 10:56 | Create | Villager (Male) |
| 11:03 | Create | Villager (Male) |
| 11:24 | Create | Villager (Male) |
| 11:40 | Create | Villager (Male) |
| 11:41 | Create | Villager (Male) |
| 11:41 | Create | Villager (Male) |
| 11:53 | Create | Spearman |
| 12:06 | Build | Mining Camp |
| 12:11 | Create | Villager (Male) |
| 12:14 | Create | Spearman |
| 12:22 | Create | Villager (Male) |
| 12:30 | Create | Spearman |
| 12:31 | Create | Villager (Male) |
| 12:45 | Create | Villager (Male) |
| 12:48 | Research | Town Watch |
| 13:02 | Create | Villager (Male) |
| 13:07 | Create | Spearman |
| 13:17 | Build | Watch Tower |
| 13:23 | Create | Villager (Male) |
| 13:26 | Create | Spearman |
| 13:30 | Create | Villager (Male) |
| 13:33 | Create | Villager (Male) |
| 13:41 | Create | Villager (Male) |
| 13:53 | Build | Blacksmith |
| 14:04 | Create | Villager (Male) |
| 14:08 | Research | Double-Bit Axe |
| 14:21 | Build | Palisade Wall |
| 14:34 | Create | Villager (Male) |
| 14:35 | Create | Villager (Male) |
| 14:47 | Build | Palisade Wall |
| 14:50 | Create | Villager (Male) |
| 14:51 | Create | Villager (Male) |
| 14:56 | Build | Palisade Wall |
| 14:59 | Build | Palisade Wall |
| 15:00 | Build | Palisade Wall |
| 15:01 | Build | Palisade Wall |
| 15:03 | Create | Villager (Male) |
| 15:09 | Create | Villager (Male) |
| 15:10 | Create | Villager (Male) |
| 15:11 | Build | Mining Camp |
| 15:30 | Create | Villager (Male) |
| 15:35 | Create | Villager (Male) |
| 15:38 | Build | Palisade Wall |
| 15:55 | Create | Villager (Male) |
| 16:07 | Create | Villager (Male) |
| 16:08 | Create | Villager (Male) |
| 16:23 | Create | Villager (Male) |
| 16:40 | Create | Villager (Male) |
| 16:41 | Create | Villager (Male) |
| 16:44 | Build | Market |
| 16:58 | Create | Villager (Male) |
| 17:02 | Build | Farm |
| 17:07 | Build | Farm |
| 17:14 | Create | Villager (Male) |
| 17:21 | Build | Farm |
| 17:29 | Build | Palisade Wall |
| 17:32 | Build | Palisade Wall |
| 17:44 | Build | Palisade Wall |
| 17:48 | Create | Villager (Male) |
| 17:53 | Build | Palisade Wall |
| 17:57 | Build | Palisade Wall |
| 17:59 | Create | Villager (Male) |
| 18:16 | Research | Castle Age |
| 18:28 | Build | Watch Tower |
| 18:53 | Build | Palisade Wall |
| 19:05 | Build | Palisade Wall |
| 19:29 | Build | Palisade Wall |
| 19:29 | Build | Palisade Wall |
| 19:30 | Build | Palisade Wall |
| 19:31 | Build | Palisade Wall |
| 19:32 | Build | Palisade Wall |
| 19:32 | Build | Palisade Wall |
| 19:33 | Build | Palisade Wall |
| 19:44 | Build | Farm |
| 19:49 | Create | Villager (Male) |
| 19:51 | Build | Archery Range |
| 20:00 | Build | Palisade Gate |
| 20:01 | Build | Palisade Wall |
| 20:34 | Build | Archery Range |
| 20:48 | Research | Fletching |
| 21:03 | Research | Horse Collar |
| 21:06 | Age | Castle Age |
| 21:09 | Research | Gold Mining |
| 21:10 | Create | Cavalry Archer |
| 21:16 | Create | Villager (Male) |
| 21:34 | Create | Villager (Male) |
| 21:38 | Create | Cavalry Archer |
| 21:46 | Research | Bodkin Arrow |
| 21:47 | Create | Villager (Male) |
| 21:50 | Build | Archery Range |
| 21:59 | Create | Villager (Male) |
| 22:16 | Create | Cavalry Archer |
| 22:16 | Create | Cavalry Archer |
| 22:16 | Create | Villager (Male) |
| 22:24 | Build | Palisade Wall |
| 22:27 | Create | Villager (Male) |
| 22:31 | Create | Cavalry Archer |
| 22:31 | Create | Cavalry Archer |
| 22:42 | Create | Cavalry Archer |
| 22:49 | Research | Padded Archer Armor |
| 22:50 | Create | Villager (Male) |
| 23:10 | Create | Cavalry Archer |
Match timeline
| 5:15 | CeCa_Mascherano014 · first_building Barracks |
| 6:47 | Parabox · wall_segment Palisade Wall x6 |
| 6:48 | Parabox · wall_segment Palisade Wall x4 |
| 6:58 | Parabox · wall_segment Palisade Wall x5 |
| 6:58 | Parabox · wall_segment Palisade Wall x1 |
| 7:43 | Parabox · wall_segment Palisade Wall x8 |
| 8:25 | Parabox · wall_segment Palisade Wall x1 |
| 8:42 | Parabox · wall_segment Palisade Wall x1 |
| 8:51 | Parabox · age_up feudal |
| 9:16 | CeCa_Mascherano014 · age_up feudal |
| 9:53 | Parabox · first_building Barracks |
| 10:28 | Parabox · first_market_sell 100 stone |
| 10:32 | Parabox · first_market_buy 100 wood |
| 10:43 | Parabox · first_building Stable |
| 10:49 | CeCa_Mascherano014 · wall_segment Palisade Wall x1 |
| 10:49 | CeCa_Mascherano014 · wall_segment Palisade Wall x1 |
| 10:50 | CeCa_Mascherano014 · wall_segment Palisade Wall x1 |
| 10:51 | CeCa_Mascherano014 · wall_segment Palisade Wall x1 |
| 14:21 | CeCa_Mascherano014 · wall_segment Palisade Wall x1 |
| 14:47 | CeCa_Mascherano014 · wall_segment Palisade Wall x1 |
| 14:56 | CeCa_Mascherano014 · wall_segment Palisade Wall x5 |
| 14:59 | CeCa_Mascherano014 · wall_segment Palisade Wall x1 |
| 15:00 | CeCa_Mascherano014 · wall_segment Palisade Wall x2 |
| 15:01 | CeCa_Mascherano014 · wall_segment Palisade Wall x1 |
| 15:31 | Parabox · first_building Archery Range |
| 15:38 | CeCa_Mascherano014 · wall_segment Palisade Wall x6 |
| 17:29 | CeCa_Mascherano014 · wall_segment Palisade Wall x3 |
| 17:32 | CeCa_Mascherano014 · wall_segment Palisade Wall x1 |
| 17:44 | CeCa_Mascherano014 · wall_segment Palisade Wall x1 |
| 17:53 | CeCa_Mascherano014 · wall_segment Palisade Wall x8 |
| 17:57 | CeCa_Mascherano014 · wall_segment Palisade Wall x9 |
| 18:09 | CeCa_Mascherano014 · first_market_sell 500 wood |
| 18:09 | CeCa_Mascherano014 · first_market_buy 100 food |
| 18:53 | CeCa_Mascherano014 · wall_segment Palisade Wall x3 |
| 19:05 | CeCa_Mascherano014 · wall_segment Palisade Wall x1 |
| 19:29 | CeCa_Mascherano014 · wall_segment Palisade Wall x1 |
| 19:29 | CeCa_Mascherano014 · wall_segment Palisade Wall x1 |
| 19:30 | CeCa_Mascherano014 · wall_segment Palisade Wall x1 |
| 19:31 | CeCa_Mascherano014 · wall_segment Palisade Wall x1 |
| 19:32 | CeCa_Mascherano014 · wall_segment Palisade Wall x1 |
| 19:32 | CeCa_Mascherano014 · wall_segment Palisade Wall x1 |
| 19:33 | CeCa_Mascherano014 · wall_segment Palisade Wall x1 |
| 19:51 | CeCa_Mascherano014 · first_building Archery Range |
| 20:01 | CeCa_Mascherano014 · wall_segment Palisade Wall x1 |
| 21:06 | CeCa_Mascherano014 · age_up castle |
| 22:24 | CeCa_Mascherano014 · wall_segment Palisade Wall x6 |
| 22:57 | Parabox · age_up castle |
| 23:08 | Parabox · first_building Siege Workshop |
| 23:29 | CeCa_Mascherano014 · first_building Siege Workshop |
| 30:35 | Parabox · resign |
[ AI ANALYSIS · 1 CREDIT ]
What really happened in this match?
Wolo.gg analyzes every decision: build order, eco, micro, common mistakes by bracket. Personalized analysis on WhatsApp or Discord in 30 seconds.
Civ guide
Saracens
Perfil
Jugador #5350909